[Event "ESCC-65 2022"]
[Site "Lublin"]
[Date "2022.07.07"]
[Round "3.7"]
[White "Stebbings, Anthony J"]
[Black "Hewson, Brian W R"]
[Result "1-0"]
[ECO "D94"]
[WhiteElo "2283"]
[BlackElo "2049"]
[Annotator "RC"]
[PlyCount "41"]
[EventDate "2022.07.05"]
[EventType "swiss"]
[EventCountry "POL"]
[SourceTitle "playchess.com"]
[Source "ChessBase"]
[SourceQuality "1"]
[TimeControl "40/5400+30:1800+30"]

1. d4 d5 2. c4 c6 3. Nc3 Nf6 4. e3 g6 5. Nf3 Bg7 6. Bd3 O-O 7. O-O Bg4 8. h3 Bxf3 9. Qxf3 Nbd7 10. cxd5 Nxd5 11. Nxd5 cxd5 12. Qxd5 e5 13. dxe5 Nxe5 14. Be4 Qxd5 15. Bxd5 Rfd8 16. e4 Nd3 17. Rd1 Nxb2 18. Bxb2 Bxb2 19. Rab1 Ba3 20. Rxb7 Rf8 21. Rb3 1-0

[Event "ESCC-65 2022"]
[Site "Lublin"]
[Date "2022.07.07"]
[Round "3.8"]
[White "Stokes, Michael"]
[Black "Malesevic, Nedeljko"]
[Result "0-1"]
[ECO "B11"]
[WhiteElo "2024"]
[BlackElo "2228"]
[Annotator "RC"]
[PlyCount "60"]
[EventDate "2022.07.05"]
[EventType "swiss"]
[EventCountry "POL"]
[SourceTitle "playchess.com"]
[Source "ChessBase"]
[SourceQuality "1"]
[TimeControl "40/5400+30:1800+30"]

1. e4 c6 2. Nc3 d5 3. Nf3 Bg4 4. Be2 e6 5. d4 Nf6 6. e5 Nfd7 7. h3 Bxf3 8. Bxf3 c5 9. Be3 cxd4 10. Bxd4 Nc6 11. O-O Nxd4 12. Qxd4 Bc5 13. Qf4 O-O 14. Bg4 Qc7 15. Rfe1 a6 16. Rac1 f5 17. Bf3 Nf6 18. Nd1 b5 19. c3 Ne4 20. h4 Rad8 21. g4 fxg4 22. Qxg4 Rxf3 23. Qxf3 Rf8 24. Qh5 Nxf2 25. Nxf2 Bxf2+ 26. Kg2 Bxe1 27. Rxe1 Qc4 28. Qg5 h6 29. Qg6 Qxh4 30. Re2 Kh8 0-1

[Event "ESCC-65 2022"]
[Site "Lublin"]
[Date "2022.07.07"]
[Round "3.9"]
[White "Chapman, Terry P D"]
[Black "Severcan, Sedat Sabri"]
[Result "1/2-1/2"]
[ECO "E71"]
[WhiteElo "2207"]
[BlackElo "1849"]
[Annotator "RC"]
[PlyCount "114"]
[EventDate "2022.07.05"]
[EventType "swiss"]
[EventCountry "POL"]
[SourceTitle "playchess.com"]
[Source "ChessBase"]
[SourceQuality "1"]
[TimeControl "40/5400+30:1800+30"]

1. d4 Nf6 2. c4 d6 3. Nc3 g6 4. e4 Bg7 5. h3 O-O 6. Be3 Nbd7 7. g4 c5 8. Nf3 cxd4 9. Nxd4 Nc5 10. Bg2 a6 11. O-O e5 12. Nc2 Ne6 13. Qd2 Ne8 14. Rad1 a5 15. Rfe1 Qh4 16. Nd5 Bd7 17. Nb6 Rd8 18. Qxa5 Bc6 19. Nd5 Bxd5 20. exd5 Nf4 21. Bxf4 exf4 22. Nd4 Rc8 23. Qb4 Rc7 24. Nf3 Qd8 25. b3 Qa8 26. Re2 Rc5 27. a4 Nc7 28. Qd2 Na6 29. Qxf4 Qd8 30. Qe3 Rc7 31. Rde1 Nc5 32. Rb1 Bf6 33. Qd2 Re8 34. Rxe8+ Qxe8 35. Re1 Re7 36. Rxe7 Qxe7 37. Qc2 Qd7 38. Bf1 h6 39. a5 Na6 40. Qd2 Kg7 41. Ne1 Nc5 42. b4 Nb3 43. Qa2 Nd4 44. Bg2 Qe7 45. Kf1 Qc7 46. Nd3 b5 47. axb6 Qxb6 48. Qa5 Qb8 49. c5 Qe8 50. Qa2 Qb5 51. Be4 dxc5 52. bxc5 Nb3 53. Qc2 Nd4 54. Qb2 Nb3 55. Qc2 Nd4 56. Qd2 Nb3 57. Qc2 Nd4 1/2-1/2

[Event "ESCC-65 2022"]
[Site "Lublin"]
[Date "2022.07.07"]
[Round "3.10"]
[White "Neumann, Joachim"]
[Black "Olszowski, Andrzej"]
[Result "1-0"]
[ECO "A10"]
[WhiteElo "2082"]
[BlackElo "1600"]
[Annotator "NA RC"]
[PlyCount "99"]
[EventDate "2022.07.05"]
[EventType "swiss"]
[EventCountry "POL"]
[SourceTitle "playchess.com"]
[Source "ChessBase"]
[SourceQuality "1"]
[TimeControl "40/5400+30:1800+30"]

1. c4 g6 2. g3 Bg7 3. Bg2 e5 4. Nc3 Ne7 5. d3 O-O 6. Bd2 Nbc6 7. Rb1 a5 8. Nf3 d6 9. O-O Bd7 10. a3 Qc8 11. Nb5 d5 12. cxd5 Nxd5 13. Rc1 Nce7 14. Nd6 Qb8 15. Nc4 Nc6 16. Nfxe5 Nxe5 17. Bxd5 c6 18. Bg2 Nxc4 19. dxc4 Bxb2 20. Rb1 Bg7 21. Bxa5 Rxa5 22. Qxd7 Qc8 23. Qxb7 Qxb7 24. Rxb7 Rxa3 25. Bxc6 Be5 26. Bd5 Ra1 27. Rxa1 Bxa1 28. f4 Bd4+ 29. Kg2 Kg7 30. Kf3 h5 31. h3 Kf6 32. e4 Bc5 33. g4 hxg4+ 34. hxg4 g5 35. e5+ Kg6 36. f5+ Kg7 37. Ke4 Kg8 38. f6 Ba3 39. Ra7 Bb4 40. Ra8 Rxa8 41. Bxa8 Kf8 42. Bc6 Bc3 43. Bd7 Bb2 44. c5 Bc3 45. Kf5 Bd4 46. c6 Bb6 47. Kxg5 Bd8 48. Kf5 Bc7 49. g5 Kg8 50. e6 1-0

[Event "ESCC-65 2022"]
[Site "Lublin"]
[Date "2022.07.07"]
[Round "3.11"]
[White "Sciupokas, Arunas"]
[Black "Wagner-Michel, Annett"]
[Result "1/2-1/2"]
[ECO "B31"]
[WhiteElo "1960"]
[BlackElo "2056"]
[Annotator "NA RC"]
[PlyCount "71"]
[EventDate "2022.07.05"]
[EventType "swiss"]
[EventCountry "POL"]
[SourceTitle "playchess.com"]
[Source "ChessBase"]
[SourceQuality "1"]
[TimeControl "40/5400+30:1800+30"]

1. e4 c5 2. Nf3 Nc6 3. Bb5 g6 4. O-O Bg7 5. Re1 e5 6. Bxc6 dxc6 7. d3 Qc7 8. Be3 b6 9. a4 Nh6 10. a5 Rb8 11. axb6 axb6 12. h3 f6 13. b4 cxb4 14. Qd2 Nf7 15. Qxb4 Qd6 16. Qxd6 Nxd6 17. Nc3 O-O 18. Na4 b5 19. Bc5 Rd8 20. Ba7 Rb7 21. Nc5 Rf7 22. Bb6 Re8 23. Ra8 Bf8 24. Rea1 Nb7 25. Nxb7 Rxb7 26. Be3 Bd7 27. Nd2 Rxa8 28. Rxa8 Kf7 29. Nb3 Rc7 30. Bb6 Rc8 31. Ra7 Ke8 32. Bc5 Be7 33. Bxe7 Kxe7 34. Nc5 Rd8 35. Nb7 Rc8 36. Nc5 1/2-1/2

[Event "ESCC-65 2022"]
[Site "Lublin"]
[Date "2022.07.07"]
[Round "3.12"]
[White "Scowen, Roger S"]
[Black "Kasprzyk, Irena"]
[Result "0-1"]
[ECO "B72"]
[WhiteElo "1864"]
[BlackElo "2017"]
[Annotator "NA RC"]
[PlyCount "76"]
[EventDate "2022.07.05"]
[EventType "swiss"]
[EventCountry "POL"]
[SourceTitle "playchess.com"]
[Source "ChessBase"]
[SourceQuality "1"]
[TimeControl "40/5400+30:1800+30"]

1. e4 c5 2. Nf3 d6 3. d4 cxd4 4. Nxd4 Nf6 5. Nc3 g6 6. Be2 Bg7 7. Be3 Nc6 8. f3 O-O 9. Qd2 d5 10. exd5 Nxd5 11. Nxc6 bxc6 12. Rd1 e6 13. Bc5 Re8 14. Ne4 Qh4+ 15. g3 Qh3 16. c4 Nf6 17. Nf2 Qf5 18. Be3 e5 19. O-O e4 20. fxe4 Nxe4 21. Nxe4 Qxe4 22. Rf3 Bg4 23. Rf4 Qxe3+ 24. Qxe3 Rxe3 25. Bxg4 Bxb2 26. Kf2 Rae8 27. Bd7 Re2+ 28. Kf1 R8e7 29. Bxc6 Rxh2 30. Rd8+ Kg7 31. Rd7 Rxd7 32. Bxd7 Be5 33. Rf3 Rxa2 34. Bc6 h5 35. Bd5 f6 36. Rf2 Ra3 37. Rf3 Rxf3+ 38. Bxf3 Bxg3 0-1

[Event "ESCC-65 2022"]
[Site "Lublin"]
[Date "2022.07.07"]
[Round "3.13"]
[White "Patola, Eero"]
[Black "Gasik, Piotr"]
[Result "1/2-1/2"]
[ECO "B02"]
[WhiteElo "1810"]
[BlackElo "1990"]
[Annotator "NA RC"]
[PlyCount "67"]
[EventDate "2022.07.05"]
[EventType "swiss"]
[EventCountry "POL"]
[SourceTitle "playchess.com"]
[Source "ChessBase"]
[SourceQuality "1"]
[TimeControl "40/5400+30:1800+30"]

1. e4 Nf6 2. d3 d5 3. e5 Nfd7 4. f4 c5 5. Nf3 Nc6 6. Nc3 e6 7. Be2 b5 8. a3 Qb6 9. Bd2 Be7 10. h4 a5 11. a4 b4 12. Nb5 O-O 13. c3 Ba6 14. c4 d4 15. Ng5 Nd8 16. Bf3 Bb7 17. Be4 f5 18. Bxb7 Qxb7 19. Qf3 Qxf3 20. Nxf3 Rc8 21. b3 h6 22. Ke2 h5 23. Rag1 Nf7 24. Na7 Rc7 25. Nb5 Rb7 26. Ng5 Bxg5 27. hxg5 g6 28. Re1 Kg7 29. Kf3 Re8 30. Re2 Nf8 31. Be1 Rd7 32. Bf2 Rc8 33. Rhe1 Rc6 34. g3 1/2-1/2

[Event "ESCC-65 2022"]
[Site "Lublin"]
[Date "2022.07.07"]
[Round "3.14"]
[White "Krupa, Jerzy"]
[Black "Gromowski, Stanislaw"]
[Result "1-0"]
[ECO "B51"]
[WhiteElo "1771"]
[BlackElo "1613"]
[Annotator "NA RC COMBH"]
[PlyCount "139"]
[EventDate "2022.07.05"]
[EventType "swiss"]
[EventCountry "POL"]
[SourceTitle "playchess.com"]
[Source "ChessBase"]
[SourceQuality "1"]
[TimeControl "40/5400+30:1800+30"]

1. e4 c5 2. Nf3 d6 3. Bb5+ Nc6 4. O-O Nf6 5. Re1 e5 6. c3 Bd7 7. d4 Be7 8. dxc5 Qc7 9. cxd6 Bxd6 10. Bg5 Be7 11. Nbd2 a6 12. Ba4 O-O 13. Bb3 Rad8 14. Qe2 h6 15. Bxf6 Bxf6 16. Nc4 Bg4 17. Rad1 Bh5 18. Ne3 Ne7 19. g4 Bg6 20. Nd5 Nxd5 21. Rxd5 Rd7 22. Red1 Rfd8 23. h3 Rxd5 24. Rxd5 Rxd5 25. Bxd5 Qb6 26. b4 Qc7 27. c4 Qb6 28. a3 Qc7 29. Kg2 b6 30. a4 a5 31. bxa5 bxa5 32. Qb2 Qd8 33. c5 h5 34. c6 hxg4 35. hxg4 Qc8 36. Kg3 Qc7 37. Qb7 Bd8 38. Qa8 Kf8 39. Kh3 Kg8 40. Nxe5 Kh7 41. Nf3 Qd6 42. Qc8 Bc7 43. Kg2 Qf4 44. Qd7 Bb6 45. Qc8 Bc7 46. g5 Bb6 47. Qh3+ Kg8 48. Qg3 Qxg3+ 49. Kxg3 Kf8 50. Ne5 Bc7 51. f4 Bh5 52. Nd7+ Ke7 53. e5 Bd1 54. Nc5 Bb6 55. Bb3 Be2 56. Ne4 Bc7 57. Nc3 Bh5 58. Nb5 Kd8 59. Nd6 Ke7 60. Kh4 Bf3 61. Nb5 Kd8 62. Nxc7 Kxc7 63. Bxf7 Bxc6 64. Bb3 Kd8 65. f5 Ke7 66. g6 Kf8 67. Kg5 Bd7 68. f6 Bc6 69. e6 gxf6+ 70. Kxf6 1-0

[Event "ESCC-65 2022"]
[Site "Lublin"]
[Date "2022.07.07"]
[Round "3.15"]
[White "Virtanen, Esko"]
[Black "Chubar, Vladimir"]
[Result "0-1"]
[ECO "A04"]
[WhiteElo "1709"]
[BlackElo "1809"]
[Annotator "NA RC COMBH"]
[PlyCount "94"]
[EventDate "2022.07.05"]
[EventType "swiss"]
[EventCountry "POL"]
[SourceTitle "playchess.com"]
[Source "ChessBase"]
[SourceQuality "1"]
[TimeControl "40/5400+30:1800+30"]

1. Nf3 g6 2. d4 Bg7 3. c4 c5 4. d5 e5 5. dxe6 fxe6 6. Nc3 Nf6 7. Bf4 Qa5 8. Qa4 Qxa4 9. Nxa4 Ne4 10. Be5 Bxe5 11. Nxe5 d6 12. Nd3 Bd7 13. Nc3 Nxc3 14. bxc3 Nc6 15. e3 Na5 16. Nf4 g5 17. Nh5 Ke7 18. Be2 Be8 19. Ng3 Bg6 20. O-O h5 21. Rfd1 Rad8 22. Rd2 Nc6 23. f3 Ne5 24. e4 Rhf8 25. Rb1 Rd7 26. Rf1 Rf4 27. h3 Rd8 28. Rb1 b6 29. Rbd1 g4 30. hxg4 hxg4 31. fxg4 Nxg4 32. a4 Ne5 33. a5 bxa5 34. Ra1 Bxe4 35. Nxe4 Rxe4 36. Rxa5 Rd7 37. Rda2 Nxc4 38. Rxa7 Ne5 39. Rxd7+ Kxd7 40. Bb5+ Kc7 41. Rf2 c4 42. Rf6 Ng4 43. Rf1 d5 44. g3 Re3 45. Rf4 Rxg3+ 46. Kf1 Ne5 47. Bxc4 Nxc4 0-1

[Event "ESCC-65 2022"]
[Site "Lublin"]
[Date "2022.07.07"]
[Round "3.16"]
[White "Plesiuk, Jan"]
[Black "Sosnowska, Elzbieta"]
[Result "1/2-1/2"]
[ECO "D32"]
[WhiteElo "1573"]
[BlackElo "1726"]
[Annotator "NA RC COMBH"]
[PlyCount "112"]
[EventDate "2022.07.05"]
[EventType "swiss"]
[EventCountry "POL"]
[SourceTitle "playchess.com"]
[Source "ChessBase"]
[SourceQuality "1"]
[TimeControl "40/5400+30:1800+30"]

1. d4 d5 2. c4 e6 3. Nc3 c5 4. e3 Nf6 5. Nf3 Nc6 6. a3 a6 7. dxc5 Bxc5 8. b4 Be7 9. Bb2 O-O 10. Be2 dxc4 11. Bxc4 b5 12. Be2 Bb7 13. O-O Qb6 14. Qb3 Rfd8 15. Rfd1 h6 16. h3 Bf8 17. Ne1 Ne7 18. Bf3 Ned5 19. Rac1 Nxc3 20. Bxc3 Bxf3 21. Nxf3 Nd5 22. Bd4 Qb7 23. Ne5 Rdc8 24. Nd3 Rxc1 25. Rxc1 Rd8 26. Bc5 Nb6 27. Bxf8 Kxf8 28. Nc5 Qa8 29. Rd1 Rd5 30. e4 Rxd1+ 31. Qxd1 Nc4 32. a4 Kg8 33. a5 Qc6 34. Qd7 Qa8 35. Qb7 Qd8 36. Qd7 Qg5 37. Qe8+ Kh7 38. Qxf7 Qc1+ 39. Kh2 Ne5 40. Qf8 Ng6 41. Qf3 Qd2 42. Nd3 Qc3 43. g3 Ne5 44. Nxe5 Qxe5 45. Qe3 Qb2 46. Qc5 Qe2 47. Qb6 Qxe4 48. Qxa6 Qxb4 49. Qb6 Qa4 50. a6 b4 51. a7 b3 52. Qb7 b2 53. Qxb2 Qxa7 54. Qc2+ g6 55. g4 Qb8+ 56. Kg2 Qe5 1/2-1/2

[Event "ESCC-65 2022"]
[Site "Lublin"]
[Date "2022.07.08"]
[Round "4.1"]
[White "Renman, Nils-Gustaf"]
[Black "Petran, Peter"]
[Result "1/2-1/2"]
[ECO "A83"]
[WhiteElo "2311"]
[BlackElo "2234"]
[Annotator "RC"]
[PlyCount "58"]
[EventDate "2022.07.05"]
[EventType "swiss"]
[EventCountry "POL"]
[SourceTitle "playchess.com"]
[Source "ChessBase"]
[SourceQuality "1"]
[TimeControl "40/5400+30:1800+30"]

1. d4 f5 2. e4 fxe4 3. Nc3 Nf6 4. Bg5 g6 5. f3 exf3 6. Nxf3 d6 7. Bc4 c6 8. Qe2 Bg7 9. O-O-O d5 10. Bd3 Bg4 11. Rde1 Nbd7 12. Qe3 Bxf3 13. gxf3 O-O 14. Ne2 Qb6 15. Nf4 Rf7 16. Nxg6 hxg6 17. Bxg6 Raf8 18. Rhg1 c5 19. Bh6 Ne8 20. Bxg7 Rxg7 21. Bxe8 Rxe8 22. Rxg7+ Kxg7 23. Qg5+ Qg6 24. Qxd5 Nf6 25. Qxb7 Qg5+ 26. Kb1 Kf8 27. dxc5 Qxc5 28. Qa6 Rb8 29. Qe6 Rc8 1/2-1/2

[Event "ESCC-65 2022"]
[Site "Lublin"]
[Date "2022.07.08"]
[Round "4.2"]
[White "Dobosz, Henryk"]
[Black "Syre, Christian"]
[Result "1-0"]
[ECO "A53"]
[WhiteElo "2354"]
[BlackElo "2243"]
[Annotator "RC"]
[PlyCount "118"]
[EventDate "2022.07.05"]
[EventType "swiss"]
[EventCountry "POL"]
[SourceTitle "playchess.com"]
[Source "ChessBase"]
[SourceQuality "1"]
[TimeControl "40/5400+30:1800+30"]

1. d4 Nf6 2. c4 d6 3. Nc3 Nbd7 4. Nf3 g6 5. e4 e5 6. d5 Nc5 7. Qc2 a5 8. Be2 Bg7 9. Bg5 h6 10. Bh4 Qd7 11. Nd2 h5 12. Nb3 b6 13. Bg5 Nh7 14. Be3 Bf6 15. h4 Qd8 16. g3 Nxb3 17. Qxb3 Nf8 18. Qd1 Nd7 19. a3 Be7 20. Bd3 Nf6 21. f3 Nd7 22. Bc2 g5 23. hxg5 Bxg5 24. f4 exf4 25. gxf4 Bh4+ 26. Kd2 Nc5 27. Qe2 Bg4 28. Qh2 Bf6 29. e5 dxe5 30. fxe5 Bg5 31. Rae1 Bxe3+ 32. Rxe3 Qg5 33. Qh4 Qxh4 34. Rxh4 O-O-O 35. Bd1 Rhg8 36. Bxg4+ hxg4 37. Rg3 Nd7 38. Rhxg4 Rxg4 39. Rxg4 Nxe5 40. Rf4 Rh8 41. Ke3 Rh7 42. Kd4 Ng6 43. Rf6 Kd7 44. Ne4 Rg7 45. c5 bxc5+ 46. Nxc5+ Ke7 47. Rc6 Kd8 48. Ra6 Rh7 49. Rxa5 Rh4+ 50. Kc3 Nf4 51. Na6 Rh5 52. Nb4 Kd7 53. Kd4 Ne2+ 54. Kd3 Re5 55. Ra6 f5 56. Rf6 f4 57. Nc6 Re3+ 58. Kd2 Re4 59. b4 Ng3 1-0

[Event "ESCC-65 2022"]
[Site "Lublin"]
[Date "2022.07.08"]
[Round "4.3"]
[White "Lederman, Leon"]
[Black "Stebbings, Anthony J"]
[Result "1-0"]
[ECO "B44"]
[WhiteElo "2213"]
[BlackElo "2283"]
[Annotator "RC"]
[PlyCount "117"]
[EventDate "2022.07.05"]
[EventType "swiss"]
[EventCountry "POL"]
[SourceTitle "playchess.com"]
[Source "ChessBase"]
[SourceQuality "1"]
[TimeControl "40/5400+30:1800+30"]

1. e4 c5 2. Nf3 e6 3. d4 cxd4 4. Nxd4 Nc6 5. Nb5 d6 6. c4 Nf6 7. N5c3 Be7 8. Be2 O-O 9. Be3 b6 10. f4 Bb7 11. Bf3 Rc8 12. O-O Ba6 13. b3 Re8 14. Rf2 Qc7 15. Na3 Qb8 16. Nab5 Red8 17. Rd2 Bb7 18. Qe1 Ba8 19. Rad1 a6 20. Nd4 Nxd4 21. Rxd4 b5 22. cxb5 axb5 23. a4 bxa4 24. bxa4 e5 25. fxe5 dxe5 26. Rxd8+ Bxd8 27. Nd5 Nxd5 28. exd5 Bb6 29. d6 Bxf3 30. gxf3 Rd8 31. d7 f6 32. a5 Bxe3+ 33. Qxe3 Qc7 34. Qb3+ Kf8 35. Qb5 Ke7 36. a6 Qa7+ 37. Kg2 h5 38. Qc6 Qe3 39. Qd6+ Kf7 40. Qd3 Qa7 41. Qd5+ Ke7 42. Qd6+ Kf7 43. Rd3 h4 44. Qc6 h3+ 45. Kf1 Ke7 46. Qb5 Ke6 47. Qb7 Qc5 48. Qb3+ Kf5 49. Qa4 Ke6 50. a7 Qc1+ 51. Rd1 Qb2 52. Qg4+ Kf7 53. a8=Q Rxa8 54. d8=Q Rxd8 55. Qc4+ Kg6 56. Rxd8 Qg2+ 57. Ke1 Qxh2 58. Qg4+ Kf7 59. Rd7+ 1-0

[Event "ESCC-65 2022"]
[Site "Lublin"]
[Date "2022.07.08"]
[Round "4.4"]
[White "Bogdanov, Valentin"]
[Black "Praszak, Michal"]
[Result "1-0"]
[ECO "A57"]
[WhiteElo "2333"]
[BlackElo "2048"]
[Annotator "RC"]
[PlyCount "95"]
[EventDate "2022.07.05"]
[EventType "swiss"]
[EventCountry "POL"]
[SourceTitle "playchess.com"]
[Source "ChessBase"]
[SourceQuality "1"]
[TimeControl "40/5400+30:1800+30"]

1. d4 Nf6 2. c4 c5 3. d5 b5 4. Qc2 bxc4 5. e4 d6 6. Bxc4 g6 7. Nf3 Nbd7 8. O-O Bg7 9. Bd2 O-O 10. Bc3 Nb6 11. Nbd2 a5 12. a4 Nfd7 13. Bxg7 Kxg7 14. Rfe1 f6 15. Bb5 Ba6 16. Bc6 Ra7 17. Qc3 Bc8 18. b3 Ne5 19. Nxe5 fxe5 20. Nc4 Nxc4 21. bxc4 Bd7 22. Bxd7 Qxd7 23. Reb1 Qg4 24. f3 Qg5 25. Rb5 h5 26. Qc1 Qxc1+ 27. Rxc1 g5 28. Rc3 Kg6 29. Rcb3 Kf6 30. Kf2 Rg8 31. Rb8 Ra8 32. Rxg8 Rxg8 33. Rb5 Ra8 34. Kg3 Ra6 35. Rb8 e6 36. dxe6 Kxe6 37. h4 Kf6 38. Kh3 Ra7 39. Rf8+ Kg6 40. Rg8+ Kh7 41. Rd8 Rb7 42. hxg5 Rb4 43. Kh4 Rxc4 44. Rd7+ Kg8 45. Kxh5 Rd4 46. Kg6 Kf8 47. Kf6 Ke8 48. Ra7 1-0

[Event "ESCC-65 2022"]
[Site "Lublin"]
[Date "2022.07.08"]
[Round "4.5"]
[White "Malesevic, Nedeljko"]
[Black "Neumann, Joachim"]
[Result "1-0"]
[ECO "E17"]
[WhiteElo "2228"]
[BlackElo "2082"]
[Annotator "RC"]
[PlyCount "81"]
[EventDate "2022.07.05"]
[EventType "swiss"]
[EventCountry "POL"]
[SourceTitle "playchess.com"]
[Source "ChessBase"]
[SourceQuality "1"]
[TimeControl "40/5400+30:1800+30"]

1. d4 Nf6 2. c4 e6 3. Nf3 b6 4. g3 Bb7 5. Bg2 Be7 6. O-O O-O 7. d5 exd5 8. Nh4 c6 9. cxd5 Nxd5 10. Nf5 Bc5 11. e4 Ne7 12. Nd6 Ba6 13. Re1 Nc8 14. Nf5 Ne7 15. Ne3 Bb7 16. Nc3 Re8 17. Nc4 d5 18. exd5 Nxd5 19. Rxe8+ Qxe8 20. Nxd5 cxd5 21. Be3 Bxe3 22. Nxe3 Na6 23. Bxd5 Bxd5 24. Qxd5 Nc5 25. Rd1 h6 26. b4 Ne6 27. Qb7 Qc8 28. Qd5 Qe8 29. Nf5 Rd8 30. Nd6 Qd7 31. Rd2 Qe7 32. Kf1 Qf6 33. Qc4 Qe5 34. Rd5 Qa1+ 35. Kg2 Qe1 36. h4 Qb1 37. Nf5 Rxd5 38. Ne7+ Kh7 39. Qxd5 Qc2 40. Qa8 Nf4+ 41. gxf4 1-0

[Event "ESCC-65 2022"]
[Site "Lublin"]
[Date "2022.07.08"]
[Round "4.6"]
[White "Biro, Sandor"]
[Black "Schulz, Michael"]
[Result "1/2-1/2"]
[ECO "B10"]
[WhiteElo "2116"]
[BlackElo "2217"]
[Annotator "ChessBase"]
[PlyCount "148"]
[EventDate "2022.07.05"]
[EventType "swiss"]
[EventCountry "POL"]
[SourceTitle "playchess.com"]
[Source "ChessBase"]
[SourceQuality "1"]
[TimeControl "40/5400+30:1800+30"]

1. e4 c6 2. Nf3 d5 3. exd5 cxd5 4. Ne5 Nc6 5. d4 e6 6. c3 Bd6 7. Bb5 Nge7 8. Qh5 O-O 9. O-O Qc7 10. f4 f6 11. Nd2 g6 12. Qe2 fxe5 13. fxe5 Rxf1+ 14. Nxf1 Bxe5 15. dxe5 Qxe5 16. Qf2 Bd7 17. Bh6 Qh5 18. Qd2 Nf5 19. Bf4 Rf8 20. Re1 Nh4 21. Ng3 Qg4 22. Bd6 Rf7 23. h3 Qxh3 24. Qe2 Nxg2 25. Qxg2 Qh4 26. Rf1 e5 27. Rxf7 Kxf7 28. Qxd5+ Be6 29. Qf3+ Qf6 30. Qxf6+ Kxf6 31. Ne4+ Kf5 32. Nc5 Bxa2 33. Nxb7 Bd5 34. Nc5 h5 35. Ba6 g5 36. b4 h4 37. Bc8+ Kf4 38. b5 Na5 39. Nd3+ Ke3 40. Nxe5 Kd2 41. Bb4 Nc4 42. Ng4 Kc2 43. Nf6 Bf3 44. Kf2 Bd1 45. Be6 Ne5 46. Bf5+ Kb3 47. Bd6 Nc4 48. Bb8 Na3 49. Be6+ Kxc3 50. Be5+ Kd3 51. Bd7 Kc4 52. Bb8 Nxb5 53. Ne4 Kd4 54. Nxg5 a6 55. Bc8 a5 56. Ke1 Bb3 57. Nf3+ Kd5 58. Nxh4 a4 59. Nf3 a3 60. Be5 a2 61. Bb2 Kc5 62. Kd2 Bd5 63. Ne5 Kb4 64. Bd7 Nd6 65. Nd3+ Kb3 66. Bg7 Ne4+ 67. Ke3 Nc3 68. Nc1+ Kc2 69. Bf5+ Kxc1 70. Bxc3 Bb3 71. Bd3 Bc2 72. Bc4 Kb1 73. Kd2 a1=Q 74. Bxa1 Kxa1 1/2-1/2

[Event "ESCC-65 2022"]
[Site "Lublin"]
[Date "2022.07.08"]
[Round "4.7"]
[White "Rak, Tomasz"]
[Black "Chapman, Terry P D"]
[Result "0-1"]
[ECO "A46"]
[WhiteElo "1887"]
[BlackElo "2207"]
[Annotator "RC"]
[PlyCount "78"]
[EventDate "2022.07.05"]
[EventType "swiss"]
[EventCountry "POL"]
[SourceTitle "playchess.com"]
[Source "ChessBase"]
[SourceQuality "1"]
[TimeControl "40/5400+30:1800+30"]

1. Nf3 Nf6 2. d4 e6 3. Bg5 h6 4. Bf4 c5 5. e3 b6 6. Nbd2 Bb7 7. Bd3 cxd4 8. exd4 Be7 9. c3 Nh5 10. Be3 Qc7 11. Ne5 Nf6 12. Qe2 d6 13. Bb5+ Nc6 14. Nxc6 Bxc6 15. Bd3 Qb7 16. Rg1 b5 17. O-O-O Nd5 18. Kb1 Rb8 19. Ka1 Kd7 20. Nf1 Bf6 21. f4 b4 22. c4 Nxe3 23. Qxe3 d5 24. g4 dxc4 25. Bxc4 Bd5 26. Bxd5 Qxd5 27. g5 hxg5 28. fxg5 Be7 29. Qd2 Rb5 30. g6 Ra5 31. b3 Qxb3 32. Ne3 Rh3 33. Ng4 f6 34. d5 exd5 35. Rc1 Qd3 36. Qb2 b3 37. Nf2 Qa6 38. Qd4 Rxh2 39. Qg4+ Kd8 0-1

[Event "ESCC-65 2022"]
[Site "Lublin"]
[Date "2022.07.08"]
[Round "4.8"]
[White "Wagner-Michel, Annett"]
[Black "Krupa, Jerzy"]
[Result "0-1"]
[ECO "B28"]
[WhiteElo "2056"]
[BlackElo "1771"]
[Annotator "NA"]
[PlyCount "138"]
[EventDate "2022.07.05"]
[EventType "swiss"]
[EventCountry "POL"]
[SourceTitle "playchess.com"]
[Source "ChessBase"]
[SourceQuality "1"]
[TimeControl "40/5400+30:1800+30"]

1. e4 c5 2. Nf3 a6 3. c4 Nc6 4. d4 cxd4 5. Nxd4 Nf6 6. Nc3 d6 7. Be2 g6 8. Be3 Bg7 9. O-O O-O 10. Rc1 Bd7 11. Kh1 Nxd4 12. Bxd4 Bc6 13. f3 Nd7 14. Bxg7 Kxg7 15. b4 b6 16. Qd4+ Kg8 17. Rfd1 Bb7 18. Qe3 Rc8 19. f4 Rc7 20. Rd4 Qa8 21. Rcd1 Nf6 22. Bf3 Rfc8 23. Na4 Qa7 24. e5 Bxf3 25. Qxf3 dxe5 26. fxe5 Nd7 27. Qe2 Nf8 28. c5 bxc5 29. Nxc5 a5 30. e6 f6 31. a3 axb4 32. axb4 Kg7 33. h3 Qb6 34. Qe3 Rc6 35. Re4 Rd6 36. Re1 Rcc6 37. Rh4 h5 38. Re4 g5 39. Qf3 h4 40. Qf5 Qb5 41. Qf3 Ng6 42. Qa3 Rc8 43. Qe3 Rcd8 44. Rg4 Rd2 45. Qc3 Rd1 46. Rge4 Qc6 47. Qe3 Nf4 48. Nd7 Rxe1+ 49. Qxe1 Qc2 50. Rxf4 gxf4 51. Qxh4 Qf5 52. Qg4+ Qxg4 53. hxg4 Rc8 54. b5 Rc1+ 55. Kh2 Rb1 56. b6 Kg6 57. Nf8+ Kh6 58. Nd7 Kg5 59. g3 f3 60. Nc5 Rxb6 61. Kg1 Kxg4 62. Kf2 Rb2+ 63. Kf1 Kxg3 64. Ne4+ Kf4 65. Nc3 Rc2 66. Nd1 Kg3 67. Ke1 Rc1 68. Kd2 Rxd1+ 69. Kxd1 Kg2 0-1

[Event "ESCC-65 2022"]
[Site "Lublin"]
[Date "2022.07.08"]
[Round "4.9"]
[White "Severcan, Sedat Sabri"]
[Black "Sokolowski, Ryszard"]
[Result "0-1"]
[ECO "E14"]
[WhiteElo "1849"]
[BlackElo "2050"]
[Annotator "NA RC"]
[PlyCount "110"]
[EventDate "2022.07.05"]
[EventType "swiss"]
[EventCountry "POL"]
[SourceTitle "playchess.com"]
[Source "ChessBase"]
[SourceQuality "1"]
[TimeControl "40/5400+30:1800+30"]

1. d4 Nf6 2. c4 e6 3. Nf3 b6 4. e3 Bb7 5. Be2 Be7 6. O-O O-O 7. Nc3 d5 8. b3 c5 9. Bb2 Nc6 10. cxd5 Nxd5 11. Nxd5 Qxd5 12. dxc5 bxc5 13. Qc1 Rfd8 14. Bc3 Qf5 15. Qb2 Qg6 16. Rad1 Rd5 17. Rxd5 exd5 18. Rd1 Rd8 19. Bd3 Qh6 20. Be2 Qg6 21. Bd3 Qe6 22. Qb1 g6 23. h3 d4 24. Bc4 Qf6 25. exd4 Nxd4 26. Bxd4 cxd4 27. Qd3 Bxf3 28. Qxf3 Qxf3 29. gxf3 Bb4 30. Kg2 Kf8 31. Kf1 Bc3 32. Ke2 Re8+ 33. Kd3 Re5 34. Rg1 Ra5 35. a4 Rh5 36. Rg3 a5 37. f4 Ke7 38. Ke4 f6 39. Be2 Rc5 40. Bc4 Kd6 41. Rf3 Rc7 42. f5 Re7+ 43. Kd3 g5 44. h4 g4 45. Rf4 h5 46. Be6 Rc7 47. Re4 Rc5 48. Re2 Re5 49. Re4 Rc5 50. Re2 Ba1 51. Ra2 Rc1 52. Re2 Rc3+ 53. Kd2 Rh3 54. Bf7 Bc3+ 55. Kd1 d3 0-1

[Event "ESCC-65 2022"]
[Site "Lublin"]
[Date "2022.07.08"]
[Round "4.10"]
[White "Kasprzyk, Irena"]
[Black "Sciupokas, Arunas"]
[Result "0-1"]
[ECO "B02"]
[WhiteElo "2017"]
[BlackElo "1960"]
[Annotator "NA RC"]
[PlyCount "60"]
[EventDate "2022.07.05"]
[EventType "swiss"]
[EventCountry "POL"]
[SourceTitle "playchess.com"]
[Source "ChessBase"]
[SourceQuality "1"]
[TimeControl "40/5400+30:1800+30"]

1. e4 Nf6 2. e5 Nd5 3. Nc3 Nxc3 4. bxc3 d6 5. f4 g6 6. d4 Bg7 7. Nf3 O-O 8. Bd3 c5 9. O-O dxe5 10. fxe5 Nc6 11. Be3 Qa5 12. Qe1 cxd4 13. cxd4 Qxe1 14. Rfxe1 Nb4 15. Be4 Bf5 16. Bxf5 gxf5 17. Rec1 f6 18. Bd2 Nc6 19. e6 Rfd8 20. c3 b5 21. Nh4 Rd6 22. Nxf5 Rxe6 23. d5 Re2 24. dxc6 Rxd2 25. Nxe7+ Kf7 26. Re1 Bf8 27. Nf5 Rc8 28. Nd4 Bc5 29. Rab1 b4 30. Rbd1 bxc3 0-1